 Dungeon Crawl Stone Soup version 0.27-a0-448-gace5c5693b (webtiles) character file.

Game seed: 8398080321133897782

60456 rednaxela the Spry (level 14, -5/68 HPs)
             Began as a Spriggan Enchanter on Feb 28, 2021.
             Was an Initiate of Gozag.
             Drowned by a drowned soul (12 damage)
             ... summoned by a merfolk avatar
             ... on level 6 of the Lair of Beasts.
             The game lasted 01:37:21 (30244 turns).

rednaxela the Spry (Spriggan Enchanter)            Turns: 30244, Time: 01:37:21

Health: -5/68      AC: 16    Str:  8    XL:     14   Next: 57%
Magic:  28/30      EV: 26    Int: 23    God:    Gozag
Gold:   1766       SH: 11    Dex: 16    Spells: 18/35 levels left

rFire    . . .     SeeInvis +   a - +9 quick blade
rCold    . . .     Faith    .   A - +3 buckler of Mental Paralysis {Will+}
rNeg     . . .     Spirit   .   z - quicksilver dragon scales
rPois    .         Reflect  .   o - +2 hat
rElec    .         Harm     .   P - +0 cloak
rCorr    .         Rampage  .   (gloves unavailable)
Will     ++++.                  (boots unavailable)
Stlth    ++........             (no amulet)
HPRegen  0.21/turn              g - +4 ring of protection
MPRegen  0.22/turn              v - +6 ring of intelligence

@: about to teleport, slow
A: very small, unfitting armour, see invisible, speed 3
a: Renounce Religion, Potion Petition, Call Merchant, Bribe Branch


You were on level 6 of the Lair of Beasts.
You worshipped Gozag.
Gozag was most pleased with you.
You visited 2 branches of the dungeon, and saw 20 of its levels.

You collected 5054 gold pieces.
You spent 1703 gold pieces at shops.
You paid 1585 gold pieces to Gozag.

Inventory:

Hand Weapons
 a - a +9 quick blade (weapon)
   (You acquired it on level 13 of the Dungeon)
 b - a +2 short sword of protection
   (You took it off a kobold on level 1 of the Dungeon)
 O - a +4 rapier
   (You found it on level 3 of the Lair of Beasts)
Missiles
 r - 7 curare-tipped darts
 u - 6 throwing nets {!f}
Armour
 n - a +2 robe of fire resistance
   (You took it off an orc wizard on level 3 of the Dungeon)
 o - a +2 hat (worn)
   (You found it on level 3 of the Dungeon)
 z - quicksilver dragon scales (worn)
   (You bought it in a shop on level 8 of the Dungeon)
 A - the +3 buckler of Mental Paralysis (worn) {Will+}
   (You bought it in a shop on level 10 of the Dungeon)

   It affects your willpower, your defense against some magical effects.
 P - a +0 cloak (worn)
   (You found it on level 4 of the Lair of Beasts)
Jewellery
 g - a +4 ring of protection (left hand)
   (You took it off a goblin on level 2 of the Dungeon)
 h - a ring of ice
   (You found it on level 2 of the Dungeon)
 k - a +4 ring of evasion
   (You found it on level 11 of the Dungeon)
 v - a +6 ring of intelligence (right hand)
   (You found it on level 8 of the Dungeon)
 w - a ring of protection from fire
   (You found it on level 6 of the Lair of Beasts)
 y - a ring of fire
   (You found it on level 8 of the Dungeon)
 J - a ring of flight
   (You found it on level 1 of the Lair of Beasts)
 K - an amulet of the acrobat
   (You found it on level 1 of the Lair of Beasts)
 R - an amulet of reflection
   (You found it on level 4 of the Lair of Beasts)
 S - a ring of willpower
   (You found it on level 5 of the Lair of Beasts)
Wands
 l - a wand of iceblast (7) {@v2}
   (You took it off Ijyb on level 3 of the Dungeon)
 p - a wand of paralysis (13)
   (You found it on level 8 of the Dungeon)
 t - a wand of polymorph (11)
   (You found it on level 10 of the Dungeon)
 I - a wand of flame (30) {@v4}
   (You found it on level 1 of the Lair of Beasts)
 M - a wand of acid (6) {@v1}
   (You found it on level 1 of the Lair of Beasts)
 Q - a wand of charming (13)
   (You found it on level 4 of the Lair of Beasts)
 U - a wand of digging (6) {@v3}
   (You found it on level 6 of the Lair of Beasts)
Scrolls
 c - 4 scrolls of enchant armour
 d - 2 scrolls of amnesia
 e - 7 scrolls of teleportation {@r3 !r}
 m - 2 scrolls of magic mapping {@r5 !r}
 C - 3 scrolls of blinking {@r4}
 F - 3 scrolls of fear {!r}
 H - 2 scrolls of fog {!r}
 L - 2 scrolls of enchant weapon
 N - a scroll of identify {@r1}
Potions
 f - 4 potions of haste {@q4 !q}
 i - 5 potions of brilliance
 j - 11 potions of curing {@q1 !q}
 q - 3 potions of lignification {@q5}
 s - 2 potions of mutation
 x - a potion of heal wounds {@q2 !q}
 B - 3 potions of might {@q3 !q}
 D - 10 potions of ambrosia {!q}
 E - 2 potions of resistance
 G - a potion of berserk rage
 T - a potion of cancellation {!q}


   Skills:
 - Level 5.0 Fighting
 - Level 12.0 Short Blades
 + Level 17.4 Dodging
 - Level 7.3 Stealth
 - Level 7.2 Shields
 - Level 11.0 Spellcasting
 - Level 11.0 Hexes
 - Level 5.0 Transmutations
 - Level 10.0 Evocations


You had 18 spell levels left.
You knew the following spells:

 Your Spells              Type           Power        Failure   Level
a - Dazzling Flash        Conj/Hex       74%          4%          3
b - Ensorcelled Hibernat  Hex/Ice        74%          2%          2
c - Confusing Touch       Hex            58%          1%          3
d - Tukima's Dance        Hex            58%          1%          3
e - Corona                Hex            64%          1%          1
f - Yara's Violent Unrav  Hex/Tmut       24%          16%         5

Your spell library contained the following spells:

 Spells                   Type           Power        Failure   Level
 Slow                     Hex            58%          1%          2
 Cause Fear               Hex            29%          1%          4
 Inner Flame              Hex/Fire       37%          4%          3
 Portal Projectile        Hex/Tloc       74%          4%          3
 Magic Dart               Conj           48%          16%         1
 Fulminant Prism          Conj/Hex       18%          16%         4
 Leda's Liquefaction      Hex/Erth       18%          16%         4
 Searing Ray              Conj           24%          24%         2
 Metabolic Englaciation   Hex/Ice        18%          41%         5
 Gell's Gravitas          Tloc           6%           43%         3
 Ice Form                 Ice/Tmut       24%          50%         4
 Petrify                  Tmut/Erth      24%          50%         4
 Iskenderun's Mystic Bla  Conj/Tloc      12%          83%         4
 Freezing Cloud           Conj/Ice/Air   6%           100%        6
 Simulacrum               Ice/Necr       6%           100%        6
 Ozocubu's Refrigeration  Ice            6%           100%        7


Dungeon Overview and Level Annotations

Branches:
Dungeon (14/15) Temple (0/1) D:6 Lair (6/6) D:8 Swamp (0/4) Lair:4 Spider (0/4) Lair:2 Slime (0/5) Lair:6 Orc (0/2) D:11 Vaults (0/5) D:12 D:13

Altars:
Cheibriados
Dithmenos
Fedhas
Gozag
Kikubaaqudgha
Qazlal
Sif Muna
Trog
Vehumet
Wu Jian
Xom
Yredelemnul
Zin

Shops:
D:6 [   D:8 [?   D:10 [   D:11 *   D:13 (   Lair:2 =

Annotations:
D:13 3 runed translucent doors, Nessos, Rupert
Lair:3 exclusion: 4 oklob plants
Lair:4 1 runed translucent door, wampuh's ghost, journeyman MiGl


Innate Abilities, Weirdness & Mutations

You are very small and have problems with some larger weapons.
You are too small for most types of armour.
You have supernaturally acute eyesight. (SInv)
You cover ground extremely quickly.


Message History

You impale the eight-headed hydra!!
The eight-headed hydra is almost dead.
The eight-headed hydra bites you. x2
You block the eight-headed hydra's attack. x2
The eight-headed hydra closely misses you.
The eight-headed hydra bites you but does no damage.
The eight-headed hydra misses you.
The eight-headed hydra completely misses you.
You puncture the eight-headed hydra!
The eight-headed hydra is almost dead.
You puncture the eight-headed hydra!
You kill the eight-headed hydra!
No target in view!
You now have 1596 gold pieces (gained 9).
You now have 1612 gold pieces (gained 16).
You now have 1639 gold pieces (gained 27).
You now have 1648 gold pieces (gained 9).
You see here a potion of degeneration.
You now have 1656 gold pieces (gained 8).
You now have 1675 gold pieces (gained 19).
You now have 1697 gold pieces (gained 22).
You now have 1705 gold pieces (gained 8).
An ooze comes into view.
An ooze is nearby!
An ooze is nearby!
An ooze is nearby!
The ooze quivers.
The ooze closely misses you.
You puncture the ooze!
The ooze is heavily wounded.
You hit the ooze.
The ooze is almost dead.
You block the ooze's attack.
You puncture the ooze!
You kill the ooze!
No target in view!
You now have 1714 gold pieces (gained 9).
You now have 1735 gold pieces (gained 21).
w - a ring of protection from fire You enter the shallow water.
Moving in this stuff is going to be slow.
You now have 1740 gold pieces (gained 5).
You enter the shallow water.
Moving in this stuff is going to be slow.
You now have 1744 gold pieces (gained 4).
You now have 1761 gold pieces (gained 17).
You now have 1766 gold pieces (gained 5).
Found a tattered robe.
You enter the shallow water.
Moving in this stuff is going to be slow.
The merfolk avatar shouts!
Found four items.
The merfolk avatar chants a haunting song.
You resist with almost no effort.
The merfolk avatar chants a haunting song.
You resist with almost no effort.
Shadowy forms rise from the deep at the merfolk avatar's song!
The merfolk avatar chants a haunting song.
You resist with almost no effort.
The merfolk avatar chants a haunting song.
You resist with almost no effort.
The merfolk avatar chants a haunting song.
You resist with almost no effort.
Casting: Confusing Touch (safe; 1% risk of failure)
Confirm with . or Enter, or press ? or * to list all spells.
Your hands begin to glow red.
You block the drowned soul's attack.
The merfolk avatar chants a haunting song.
You resist with almost no effort. The drowned soul touches you.
The drowned soul drowns you!
The merfolk avatar chants a haunting song.
You resist with almost no effort.
You hit the merfolk avatar but do no damage.
Your unstable footing causes you to fumble your attack.
The drowned soul touches you. The drowned soul drowns you!
* * * LOW HITPOINT WARNING * * *
Your unstable footing causes you to fumble your attack.
The merfolk avatar chants a haunting song.
You resist with almost no effort.
Your unstable footing causes you to fumble your attack.
Your unstable footing causes you to fumble your attack.
You hit the merfolk avatar but do no damage.
The drowned soul touches you. The drowned soul drowns you!
* * * LOW HITPOINT WARNING * * *
The merfolk avatar chants a haunting song.
You resist with almost no effort. You block the drowned soul's attack.
You hit the merfolk avatar but do no damage.
The merfolk avatar appears confused.
The merfolk avatar's song is interrupted.
You puncture the merfolk avatar!
The merfolk avatar is lightly wounded.
The drowned soul touches you. The drowned soul drowns you!
* * * LOW HITPOINT WARNING * * *
The drowned soul touches you. The drowned soul drowns you!
* * * LOW HITPOINT WARNING * * *
Really read
e - 8 scrolls of teleportation {@r3 !r}?
As you read the scroll of teleportation {@r3 !r}, it crumbles to dust.
You feel strangely unstable. The drowned soul touches you.
The drowned soul drowns you!
You die...
Your body crumbles into a pile of gold.

..≈##≈≈#≈≈≈≈≈≈≈≈≈≈≈≈#≈≈#.≈.......
..≈≈≈≈≈#8≈≈≈≈#≈≈≈≈≈8# ≈≈P.......
...≈≈≈≈#####...###### ≈≈........
...##≈≈#.≈≈≈≈≈≈≈≈≈≈8# .#........
..≈#.≈≈#≈≈≈≈#≈#≈≈≈≈≈# #.≈.......
..≈≈≈≈≈#≈≈≈≈≈≈≈≈≈≈≈≈# ≈≈≈.......
..≈≈≈≈≈#≈≈≈≈()(?≈≈≈≈#≈≈≈≈........
..≈##≈≈#≈≈≈≈$≈≈!≈#≈≈.≈≈#.........
..≈##≈≈#≈≈≈≈)≈≈$@≈#≈.≈≈##.......P
..≈≈≈≈≈#≈≈≈≈|[??≈#≈≈.≈≈≈≈≈......#
..≈≈≈≈≈#≈≈P≈≈≈≈≈m≈≈≈#≈≈≈≈≈......#
....#≈≈#≈≈≈≈≈≈≈≈≈≈≈≈#≈≈##≈.......
...##≈≈# ≈≈≈≈≈P≈≈≈≈8# ≈##≈.......
...≈≈≈≈# ###≈≈≈≈##### ≈≈P.......
...≈≈≈≈# ≈≈≈≈≈ ≈≈.......# ..≈##
≈≈≈.≈≈ ##........ #P.......


You could see a merfolk avatar (confused).

Vanquished Creatures
  Gastronok (Lair:3)
  Harold (D:9)
  2 boulder beetles (D:12)
  10 hydras
  A catoblepas (Lair:2)
  A two-headed ogre (D:7)
  10 death yaks
  A sea snake (Lair:6)
  2 unseen horrors
  An orc knight (D:11)
  A harpy (Lair:6)
  3 ugly things (D:12)
  3 oklob plants (D:8)
  2 cyclopes
  2 manticores (Lair:6)
  Joseph (D:7)
  4 elephants
  2 centaur skeletons
  3 gargoyles
  19 cane toads
  5 rime drakes
  13 komodo dragons
  2 trolls
  A hornet (Lair:6)
  A tyrant leech (Lair:4)
  A queen bee (D:10)
  4 polar bears
  11 blink frogs
  A vampire (D:10)
  6 wyverns
  6 humans (D:12)
  28 yaks
  6 basilisks
  2 swamp worms (Lair:4)
  A vampire mosquito (D:7)
  A floating eye (D:8)
  10 water moccasins
  9 black bears
  3 sky beasts
  3 orc warriors
  3 ice beasts
  6 ogres
  A necrophage (D:11)
  13 wolves
  An eye of draining (D:11)
  8 centaurs
  3 phantoms
  4 kobold brigands
  22 bullfrogs
  A gnoll sergeant (D:9)
  A water moccasin zombie (D:8)
  3 wyvern skeletons
  4 scorpions
  25 killer bees
  3 wights (D:9)
  5 howler monkeys
  3 centaur zombies
  4 bullfrog zombies
  7 hounds
  An orc priest (D:11)
  3 jellies
  A bullfrog skeleton (D:5)
  Ijyb (D:3)
  5 iguanas
  11 orc wizards
  12 hell rats
  11 worker ants
  A hound zombie (D:8)
  2 worker ant zombies
  2 howler monkey skeletons
  3 gnolls (D:9)
  13 adders
  3 white imps
  2 ufetubi
  An ooze (Lair:6)
  An adder skeleton (D:5)
  7 worms
  2 dart slugs
  4 leopard geckos
  29 orcs
  8 bats
  3 giant cockroaches
  6 goblins
  11 hobgoblins
  9 jackals
  25 kobolds
  5 quokkas
  A ball python (D:3)
  3 frilled lizards
  7 rats
494 creatures vanquished.

Vanquished Creatures (collateral kills)
  3 two-headed ogres
  Urug (D:11)
  2 ogres (D:11)
  An orc priest (D:12)
  A gnoll (D:9)
  2 orcs (D:4)
  A kobold (D:9)
11 creatures vanquished.

Vanquished Creatures (others)
  2 dancing weapons
  2 killer bees (D:10)
  26 fungi
  68 plants
  3 withered plants
101 creatures vanquished.

Grand Total: 606 creatures vanquished

Notes
Turn   | Place    | Note
-------+----------+-------------------------------------------
     0 | D:1      | rednaxela the Spriggan Enchanter began the quest for the
                  | Orb.
     0 | D:1      | Reached XP level 1. HP: 9/9 MP: 5/5
   354 | D:1      | Reached XP level 2. HP: 13/13 MP: 6/6
   448 | D:1      | Learned a level 2 spell: Ensorcelled Hibernation
   607 | D:1      | Reached skill level 3 in Spellcasting
   813 | D:2      | Reached skill level 4 in Hexes
  1644 | D:2      | Reached XP level 3. HP: 16/16 MP: 8/8
  1648 | D:2      | Learned a level 3 spell: Confusing Touch
  1676 | D:3      | Noticed Ijyb
  1821 | D:2      | Reached skill level 4 in Spellcasting
  1837 | D:2      | Reached XP level 4. HP: 14/21 MP: 6/11
  2371 | D:2      | Reached skill level 5 in Hexes
  2577 | D:2      | Noticed a bullfrog
  2592 | D:2      | Killed a bullfrog
  2593 | D:2      | Reached XP level 5. HP: 11/24 MP: 13/13
  2982 | D:3      | Killed Ijyb
  2983 | D:3      | Reached skill level 5 in Spellcasting
  3563 | D:3      | Reached skill level 6 in Hexes
  4114 | D:3      | Reached XP level 6. HP: 25/28 MP: 8/15
  4648 | D:4      | Reached skill level 3 in Dodging
  4659 | D:4      | Noticed an ice beast
  4989 | D:4      | Found an ornate altar of the Wu Jian Council.
  5130 | D:4      | Reached skill level 5 in Stealth
  5134 | D:4      | Learned a level 3 spell: Tukima's Dance
  5138 | D:4      | Learned a level 3 spell: Dazzling Flash
  5256 | D:4      | Found a shimmering altar of Xom.
  5256 | D:4      | Found a glowing silver altar of Zin.
  5256 | D:4      | Noticed an angel
  5279 | D:3      | Reached skill level 4 in Dodging
  5902 | D:4      | Reached skill level 6 in Stealth
  6022 | D:4      | Found a snail-covered altar of Cheibriados.
  6134 | D:5      | Entered Level 5 of the Dungeon
  6412 | D:5      | Reached XP level 7. HP: 32/32 MP: 14/16
  6445 | D:5      | Found a basalt altar of Yredelemnul.
  6445 | D:5      | Found an opulent altar of Gozag.
  6445 | D:5      | Found a shimmering blue altar of Sif Muna.
  6453 | D:5      | Became a worshipper of Gozag Ym Sagoz the Greedy
  6599 | D:5      | Reached skill level 5 in Dodging
  6599 | D:5      | Reached skill level 7 in Stealth
  7051 | D:5      | Reached skill level 2 in Short Blades
  7611 | D:6      | Found a radiant altar of Vehumet.
  7683 | D:6      | You fall into a shaft and drop 1 floor!
  7693 | D:7      | Noticed Joseph
  7774 | D:6      | Found Lanexoot's Antique Armour Shoppe.
  7808 | D:6      | Reached skill level 3 in Short Blades
  7874 | D:6      | You fall into a shaft and drop 1 floor!
  7962 | D:6      | Reached skill level 4 in Short Blades
  8240 | D:6      | Found a staircase to the Ecumenical Temple.
  8684 | D:6      | Found a shadowy altar of Dithmenos.
  8704 | D:6      | Reached skill level 5 in Short Blades
  8896 | D:7      | Reached XP level 8. HP: 36/36 MP: 17/17
  8977 | D:7      | Killed Joseph
  8978 | D:7      | Reached skill level 7 in Short Blades
  9111 | D:7      | Found a bloodstained altar of Trog.
  9149 | D:7      | Reached skill level 8 in Short Blades
  9392 | D:7      | Reached skill level 9 in Short Blades
  9426 | D:7      | Noticed a two-headed ogre
  9433 | D:7      | Reached XP level 9. HP: 35/39 MP: 10/18
  9575 | D:7      | Killed a two-headed ogre
  9576 | D:7      | Reached skill level 10 in Short Blades
  9833 | D:7      | Found a stormy altar of Qazlal.
  9848 | D:7      | Found a blossoming altar of Fedhas.
 10172 | D:8      | Noticed an oklob plant
 10200 | D:8      | Found an ancient bone altar of Kikubaaqudgha.
 10289 | D:8      | Paralysed by a floating eye for 2 turns
 10299 | D:8      | Noticed an oklob plant
 10301 | D:8      | Reached skill level 11 in Short Blades
 10625 | D:8      | Noticed a two-headed ogre
 10639 | D:8      | Killed a two-headed ogre
 10640 | D:8      | Reached skill level 12 in Short Blades
 10640 | D:8      | Reached skill level 1 in Fighting
 10640 | D:8      | Reached skill level 2 in Evocations
 10813 | D:8      | Found Xuall's Armour Shoppe.
 10837 | D:8      | Reached skill level 3 in Evocations
 11118 | D:8      | Noticed an elephant
 11132 | D:8      | Reached skill level 2 in Fighting
 11140 | D:8      | Reached XP level 10. HP: 35/46 MP: 9/19
 11154 | D:8      | Killed an elephant
 11155 | D:8      | Reached skill level 4 in Evocations
 11198 | D:8      | Bought quicksilver dragon scales for 840 gold pieces
 11419 | D:8      | Reached skill level 3 in Fighting
 11419 | D:8      | Reached skill level 5 in Evocations
 11494 | D:8      | Found a staircase to the Lair.
 11547 | D:8      | Noticed an oklob plant
 11616 | D:8      | Killed an oklob plant
 11858 | D:9      | Reached skill level 6 in Evocations
 12058 | D:9      | Noticed Harold
 12072 | D:9      | Killed Harold
 12073 | D:9      | Reached skill level 4 in Fighting
 12073 | D:9      | Reached skill level 7 in Evocations
 12406 | D:9      | Reached skill level 5 in Fighting
 12406 | D:9      | Reached skill level 8 in Evocations
 12508 | D:9      | Noticed a five-headed hydra
 12551 | D:9      | Killed a five-headed hydra
 12552 | D:9      | Reached skill level 9 in Evocations
 12917 | D:9      | Reached skill level 10 in Evocations
 13198 | D:9      | Reached XP level 11. HP: 55/55 MP: 20/20
 13207 | D:9      | Reached skill level 6 in Spellcasting
 13294 | D:10     | Entered Level 10 of the Dungeon
 13545 | D:10     | Reached skill level 7 in Hexes
 13925 | D:10     | Noticed an unseen horror
 13970 | D:10     | Reached skill level 7 in Spellcasting
 13986 | D:10     | Killed an unseen horror
 13988 | D:10     | Found a shimmering altar of Xom.
 14327 | D:10     | Reached skill level 8 in Hexes
 14465 | D:10     | Found Korph's Armour Shop.
 14491 | D:10     | Bought the +3 buckler of Mental Paralysis {Will+} for 385
                  | gold pieces
 14922 | D:10     | Reached skill level 1 in Shields
 15059 | D:11     | Reached skill level 8 in Spellcasting
 15388 | D:11     | Noticed Urug
 15636 | D:11     | Found Caleonku's General Store.
 15646 | D:11     | Bought a scroll of identify for 32 gold pieces
 15646 | D:11     | Bought a scroll of identify for 32 gold pieces
 15692 | D:11     | Reached skill level 2 in Shields
 15855 | D:11     | Noticed a two-headed ogre
 15864 | D:11     | Killed a two-headed ogre
 15980 | D:12     | Noticed a boulder beetle
 15995 | D:12     | Killed a boulder beetle
 15996 | D:12     | Reached skill level 3 in Shields
 16155 | D:12     | Noticed a purple ugly thing
 16239 | D:12     | Killed a purple ugly thing
 16240 | D:12     | Reached skill level 4 in Shields
 16315 | D:12     | Noticed a boulder beetle
 16342 | D:12     | Killed a boulder beetle
 16434 | D:11     | Reached skill level 5 in Shields
 16721 | D:11     | Killed Urug
 16722 | D:11     | Reached XP level 12. HP: 47/60 MP: 20/25
 16911 | D:11     | Found a staircase to the Orcish Mines.
 17010 | D:11     | Reached skill level 6 in Shields
 17071 | D:11     | Noticed a two-headed ogre
 17087 | D:11     | Killed a two-headed ogre
 17334 | D:11     | You fall into a shaft and drop 3 floors!
 17335 | D:14     | Noticed a five-headed hydra
 17336 | D:14     | Found a snail-covered altar of Cheibriados.
 17484 | D:13     | Identified a scroll of acquirement
 17484 | D:13     | Acquired a +8 quick blade
 17592 | D:13     | Found a runed translucent gate.
 17594 | D:13     | Found a runed translucent gate.
 17595 | D:13     | Found a runed translucent gate.
 17595 | D:13     | Noticed a purple very ugly thing
 17595 | D:13     | Noticed a red very ugly thing
 17646 | D:13     | Found Cinewyki's Antique Weapon Boutique.
 17942 | D:12     | Reached skill level 7 in Shields
 18186 | D:12     | Reached skill level 9 in Hexes
 19085 | D:13     | Found a gate to the Vaults.
 19085 | D:13     | Noticed Rupert
 19085 | D:13     | Noticed Nessos
 19085 | D:13     | Noticed a fire dragon
 19207 | D:11     | Reached skill level 9 in Spellcasting
 19702 | D:8      | Bought a scroll of identify for 24 gold pieces
 19702 | D:8      | Bought a scroll of identify for 24 gold pieces
 19705 | D:8      | Bought a scroll of blinking for 90 gold pieces
 19705 | D:8      | Bought a scroll of fear for 42 gold pieces
 19705 | D:8      | Bought a scroll of teleportation for 36 gold pieces
 19705 | D:8      | Bought a scroll of fog for 24 gold pieces
 19705 | D:8      | Bought a scroll of fear for 42 gold pieces
 19705 | D:8      | Bought a scroll of magic mapping for 42 gold pieces
 19705 | D:8      | Bought a scroll of blinking for 90 gold pieces
 19709 | Lair:1   | Entered Level 1 of the Lair of Beasts
 19767 | Lair:1   | Reached skill level 10 in Hexes
 20128 | Lair:1   | Reached skill level 10 in Spellcasting
 21382 | Lair:1   | Learned a level 5 spell: Yara's Violent Unravelling
 21413 | Lair:2   | Found a hole to the Spider Nest.
 21468 | Lair:2   | Reached skill level 11 in Hexes
 21658 | Lair:2   | Reached skill level 11 in Spellcasting
 21668 | Lair:2   | Reached skill level 1 in Transmutations
 21794 | Lair:2   | Reached skill level 6 in Dodging
 21800 | Lair:2   | Reached skill level 2 in Transmutations
 21800 | Lair:2   | Reached XP level 13. HP: 63/63 MP: 22/29
 22022 | Lair:2   | Reached skill level 3 in Transmutations
 22414 | Lair:3   | Noticed Gastronok
 22444 | Lair:2   | Reached skill level 7 in Dodging
 22444 | Lair:2   | Reached skill level 4 in Transmutations
 23100 | Lair:2   | Reached skill level 5 in Transmutations
 23203 | Lair:2   | Reached skill level 8 in Dodging
 23639 | Lair:2   | Reached skill level 9 in Dodging
 24091 | Lair:3   | Reached skill level 10 in Dodging
 24261 | Lair:3   | Found a shimmering blue altar of Sif Muna.
 24496 | Lair:3   | Killed Gastronok
 24497 | Lair:3   | Reached skill level 11 in Dodging
 25366 | Lair:4   | Reached skill level 12 in Dodging
 26137 | Lair:4   | Found a runed translucent door.
 26138 | Lair:4   | Noticed wampuh's ghost (journeyman MiGl)
 26313 | Lair:4   | Reached skill level 13 in Dodging
 26341 | Lair:4   | Found a staircase to the Swamp.
 26832 | Lair:5   | Found a radiant altar of Vehumet.
 27385 | Lair:5   | Reached skill level 14 in Dodging
 27587 | Lair:5   | Reached XP level 14. HP: 68/68 MP: 27/30
 27915 | Lair:6   | Entered Level 6 of the Lair of Beasts
 28441 | Lair:5   | Reached skill level 15 in Dodging
 29073 | Lair:6   | Reached skill level 16 in Dodging
 29354 | Lair:6   | Found a staircase to the Slime Pits.
 29792 | Lair:6   | Reached skill level 17 in Dodging
 30229 | Lair:6   | Found the +3 giant club "Skullcrusher" {speed, Str+7}
 30244 | Lair:6   | Drowned by a drowned soul

Illustrated notes

Levels and vault maps discovered:
D:1:      noname_arrival_rooms_in_the_neighbourhood, layout_rooms,
          serial_curves, eino_curves_01, eino_curves_01, minmay_pentomino_x2
D:2:      layout_loops_ring, hangedman_decor_push
D:3:      layout_loops_corners, uniq_ijyb
D:4:      layout_basic, grunt_temple_overflow_order_and_chaos_1,
          nzn_wu_jian_contemplation, marbit_many_paths
D:5:      layout_basic, gammafunk_temple_overflow_claw, chequers_big_river,
          st_stairs_8, kennysheep_generic_room_5
D:6:      layout_basic, lemuel_doored_altar, vehumet_crystals,
          minmay_temple_entry_nine_rooms, serial_shops, shop
D:7:      minmay_cornered_nines, layout_cave_pools,
          grunt_temple_overflow_forces_of_nature, trog_ov_bears_minmay,
          minmay_misc_feat_tiny, uniq_joseph
D:8:      layout_basic, kiku_gazebo_garden_becter, david_lair_generic,
          serial_shops, kennysheep_mini_moat, disabler_island
D:9:      layout_roguey, minmay_misc_feat_encased, uniq_harold
D:10:     layout_loops_cross, serial_shops, nicolae_shop_stone, special_room
          [special_room_bee], basic_altar
D:11:     layout_grid_maze, orc_0_dummy, serial_shops, shop, uniq_urug
D:12:     layout_layer_cave, serial_glass, glass_columns_a, glass_columns_a,
          due_unseen_surprise, feat_on_display, minmay_strange_pillars,
          item_on_display_a
D:13:     layout_layer_cave, david_vaults_3, serial_shops,
          nicolae_shop_overgrown_old_shop,
          ploomutoo_gammafunk_ghost_potion_laboratory
D:14:     layout_big_octagon, cheibriados_altar_1,
          nicolae_tso_swordbearing_angel
Lair:1:   layout_cave_shapes, beast_lair_carwin_1, serial_bayou_shore_b,
          grunt_megastairs_5
Lair:2:   layout_misc_corridors, dummy_spider_entry, grunt_megastairs_1,
          serial_bayou_shore_b, lemuel_fruit_fields
Lair:3:   layout_cave_pods, minivault_24, lemuel_oklob_altar,
          minmay_lair_oklob_chamber, uniq_gastronok
Lair:4:   layout_loops_ring, palyth_hydra_swamp_entry, serial_forest,
          infiniplex_forest_end_2, infiniplex_forest_clump_medium,
          infiniplex_forest_split, infiniplex_forest_lined_1,
          infiniplex_forest_lined_2, infiniplex_forest_corner_2,
          infiniplex_forest_lined_2, infiniplex_forest_pool,
          infiniplex_forest_lined_4_way, gammafunk_ghost_grave,
          nicolae_volcano_entry_two_sided
Lair:5:   layout_regular_city, basic_altar
Lair:6:   gammafunk_lair_ancient_temple, layout_regular_city,
          nicolae_slime_entry_slimehenge

Skill      XL: |  1  2  3  4  5  6  7  8  9 10 11 12 13 14 |
---------------+-------------------------------------------+-----
Spellcasting   | 3 4 5 8 11 | 11.0
Hexes          | 4 5 6 8 11 | 11.0
Dodging        | 4 5 6 14 17 | 17.4
Stealth        | 6 7 |  7.3
Short Blades   | 5 9 12 | 12.0
Fighting       | 2 5 |  5.0
Evocations     | 3 10 | 10.0
Shields        | 5 7 |  7.2
Transmutations | 2 5 |  5.0

Action                   |  1- 3 |  4- 6 |  7- 9 | 10-12 | 13-15 || total
-------------------------+-------+-------+-------+-------+-------++-------
Melee: Dagger            |    71 |       |       |       |       ||    71
       Short sword       |    56 |   328 |   356 |   879 |       ||  1619
       Quick blade       |       |       |       |   414 |  1275 ||  1689
 Cast: Corona            |     4 |       |       |     1 |       ||     5
       Ensorcelled Hiber |    24 |     8 |     5 |    17 |     4 ||    58
       Confusing Touch   |     1 |    25 |    42 |   133 |   105 ||   306
       Tukima's Dance    |       |     4 |    10 |    20 |       ||    34
       Dazzling Flash    |       |       |       |     4 |       ||     4
Invok: Call Merchant     |       |       |       |     1 |     1 ||     2
Evoke: Wand              |       |       |       |     6 |       ||     6
  Use: Potion            |     1 |       |       |     6 |       ||     7
       Scroll            |       |     5 |     3 |    15 |     2 ||    25
 Stab: Sleeping          |    10 |    15 |    16 |    26 |     5 ||    72
       Confused          |       |    22 |    36 |   144 |   134 ||   336
       Distracted        |       |       |     3 |     4 |       ||     7
       Invisible         |       |       |       |     7 |       ||     7
Armor: Robe              |    18 |    54 |    55 |     3 |       ||   130
       Quicksilver drago |       |       |       |   157 |    83 ||   240
       Skin              |       |       |       |    57 |       ||    57
Dodge: Dodged            |   122 |   214 |   209 |   381 |   302 ||  1228
Block: Buckler           |       |       |       |   172 |   214 ||   386

Table legend: (Time is in decaauts)
 A = Elapsed time spent in this place.
 B = Non-inter-level travel time spent in this place.
 C = Inter-level travel time spent in this place.
 D = Time resting spent in this place.
 E = Time spent auto-exploring this place.
 F = Levels seen in this place.
 G = Mean time per level.
                   A        B        C        D        E       F      G
               +--------+--------+--------+--------+--------+-----+--------+
         Total |  22873 |  22452 |    421 |   4909 |  12250 |  20 | 1143.7 |
       Dungeon |  15499 |  15173 |    326 |   3215 |   8353 |  14 | 1107.1 |
          Lair |   7373 |   7278 |     95 |   1694 |   3897 |   6 | 1228.8 |
               +--------+--------+--------+--------+--------+-----+--------+

Top non-repeatable levels by time:
    D:11: 2122 daAuts
     D:8: 1903 daAuts
  Lair:5: 1598 daAuts
  Lair:2: 1487 daAuts
     D:2: 1425 daAuts
     D:1: 1299 daAuts
    D:10: 1261 daAuts
  Lair:3: 1198 daAuts
     D:9: 1182 daAuts
  Lair:1: 1175 daAuts
     D:3: 1171 daAuts
     D:4: 1159 daAuts
     D:6: 1073 daAuts
  Lair:6: 1038 daAuts
     D:5: 991 daAuts
